[ AOE2 MATCH · #476062457 ]
UnrankedPersians vs Mongols
[ REPLAY ANALYSIS · EXTRACTED FROM THE RECORDED GAME ]
Feudal
8:25
Castle
—
Imperial
—
| APM avg | 44.5 |
| APM peak | 75 |
| eAPM avg | 15.0 |
| Villagers / military | 16 / 3 |
Focus
⚔️ 33.8% · 🌾 66.2%
Scout Cavalry ×3
Feudal
9:07
Castle
—
Imperial
—
| APM avg | 54.3 |
| APM peak | 85 |
| eAPM avg | 28.3 |
| Villagers / military | 28 / 6 |
Focus
⚔️ 26.5% · 🌾 73.5%
Scout Cavalry ×5 · Spearman ×1
Feudal
—
Castle
—
Imperial
—
| APM avg | 45.3 |
| APM peak | 131 |
| eAPM avg | 10.9 |
| Villagers / military | 22 / 0 |
Focus
⚔️ 23.1% · 🌾 76.9%
Feudal
9:39
Castle
—
Imperial
—
| APM avg | 57.3 |
| APM peak | 95 |
| eAPM avg | 16.8 |
| Villagers / military | 22 / 9 |
Focus
⚔️ 31.2% · 🌾 68.8%
Archer ×6 · Spearman ×3
Match map
Initial resources + every placement click. Lines = walls · curves = elevation contours. ◆ gold · ⬟ stone · ● berries · ✦ relic · ◌ wall gap
Your base· Open — 9t gap
Xyrr's base· Open — 12t gap
yayo's base· Open — unwalled flank
skik's base· Open — 3t gap
Smoothed initial terrain · ◌ = detected wall gap · hover for details
Inputs per minute
— Claude Opus 4.6 - - Xyrr
Build order — Claude Opus 4.6
42 actions detected in the replay
| 0:04 | Build | Town Center |
| 1:11 | Create | Villager (Male) |
| 1:11 | Create | Villager (Male) |
| 1:27 | Create | Villager (Male) |
| 1:30 | Create | Villager (Male) |
| 1:47 | Create | Villager (Male) |
| 1:47 | Create | Villager (Male) |
| 2:24 | Create | Villager (Male) |
| 2:33 | Create | Villager (Male) |
| 2:54 | Build | Lumber Camp |
| 2:57 | Build | Mill |
| 3:15 | Create | Villager (Male) |
| 3:29 | Create | Villager (Male) |
| 4:05 | Create | Villager (Male) |
| 4:26 | Create | Villager (Male) |
| 4:56 | Build | Palisade Wall |
| 5:29 | Create | Villager (Male) |
| 5:39 | Research | Loom |
| 6:21 | Research | Feudal Age |
| 6:21 | Research | Feudal Age |
| 6:44 | Build | House |
| 6:47 | Build | House |
| 6:48 | Build | Palisade Wall |
| 7:03 | Build | Barracks |
| 8:20 | Build | Palisade Wall |
| 8:21 | Build | Palisade Wall |
| 8:25 | Age | Feudal Age |
| 8:27 | Build | Stable |
| 8:44 | Build | Palisade Gate |
| 8:46 | Build | Palisade Wall |
| 8:49 | Research | Double-Bit Axe |
| 8:51 | Create | Villager (Male) |
| 8:59 | Create | Villager (Male) |
| 9:09 | Build | Palisade Wall |
| 9:12 | Build | Palisade Wall |
| 9:13 | Build | Palisade Wall |
| 9:14 | Build | Palisade Wall |
| 9:16 | Build | Palisade Wall |
| 9:20 | Create | Scout Cavalry |
| 9:20 | Create | Scout Cavalry |
| 9:20 | Create | Scout Cavalry |
| 9:23 | Create | Villager (Male) |
Build order — Xyrr
70 actions detected in the replay
| 0:03 | Build | Town Center |
| 1:07 | Create | Villager (Male) |
| 1:09 | Create | Villager (Male) |
| 1:09 | Create | Villager (Male) |
| 1:09 | Create | Villager (Male) |
| 2:19 | Build | Palisade Wall |
| 2:25 | Build | Palisade Wall |
| 2:30 | Create | Villager (Male) |
| 2:38 | Create | Villager (Male) |
| 2:39 | Create | Villager (Male) |
| 2:45 | Create | Villager (Male) |
| 3:14 | Build | Lumber Camp |
| 3:20 | Create | Villager (Male) |
| 3:35 | Research | Loom |
| 3:48 | Create | Villager (Male) |
| 4:01 | Build | Mill |
| 4:05 | Create | Villager (Male) |
| 4:10 | Create | Villager (Male) |
| 4:17 | Build | Mill |
| 4:29 | Create | Villager (Male) |
| 4:38 | Create | Villager (Male) |
| 4:53 | Create | Villager (Male) |
| 5:02 | Create | Villager (Male) |
| 5:06 | Build | Mill |
| 5:13 | Build | Palisade Wall |
| 5:15 | Build | Palisade Wall |
| 5:16 | Build | Palisade Wall |
| 5:17 | Build | Palisade Wall |
| 6:05 | Build | Mill |
| 6:30 | Create | Villager (Male) |
| 6:55 | Research | Feudal Age |
| 7:25 | Build | Palisade Wall |
| 7:30 | Build | Palisade Wall |
| 7:31 | Build | Palisade Wall |
| 7:31 | Build | Palisade Wall |
| 7:36 | Build | Palisade Wall |
| 7:55 | Create | Villager (Male) |
| 8:04 | Build | Barracks |
| 9:07 | Age | Feudal Age |
| 9:12 | Build | Stable |
| 9:15 | Build | Palisade Wall |
| 9:16 | Build | Palisade Wall |
| 9:22 | Build | Palisade Wall |
| 9:23 | Create | Villager (Male) |
| 9:26 | Build | Palisade Wall |
| 9:49 | Create | Villager (Male) |
| 9:52 | Create | Scout Cavalry |
| 9:54 | Build | House |
| 9:57 | Build | House |
| 10:00 | Create | Villager (Male) |
| 10:06 | Build | Palisade Wall |
| 10:08 | Build | Palisade Wall |
| 10:09 | Build | Palisade Wall |
| 10:19 | Create | Scout Cavalry |
| 10:19 | Create | Spearman |
| 10:21 | Create | Villager (Male) |
| 10:28 | Build | Palisade Wall |
| 10:44 | Create | Scout Cavalry |
| 10:49 | Build | Farm |
| 10:51 | Create | Villager (Male) |
| 10:51 | Create | Villager (Male) |
| 11:14 | Create | Villager (Male) |
| 11:18 | Build | House |
| 11:30 | Create | Villager (Male) |
| 11:32 | Build | House |
| 11:35 | Create | Scout Cavalry |
| 11:39 | Build | Mill |
| 11:43 | Create | Villager (Male) |
| 11:45 | Create | Scout Cavalry |
| 11:59 | Create | Villager (Male) |
Build order — yayo
35 actions detected in the replay
| 1:30 | Build | Town Center |
| 2:41 | Create | Villager (Male) |
| 2:41 | Create | Villager (Male) |
| 2:41 | Create | Villager (Male) |
| 2:54 | Create | Villager (Male) |
| 3:16 | Research | Loom |
| 3:17 | Create | Villager (Male) |
| 3:17 | Create | Villager (Male) |
| 3:25 | Create | Villager (Male) |
| 3:56 | Build | Mill |
| 4:05 | Create | Villager (Male) |
| 4:05 | Create | Villager (Male) |
| 4:25 | Create | Villager (Male) |
| 4:56 | Build | Lumber Camp |
| 5:39 | Create | Villager (Male) |
| 5:39 | Create | Villager (Male) |
| 6:59 | Create | Villager (Male) |
| 7:00 | Create | Villager (Male) |
| 7:00 | Create | Villager (Male) |
| 7:00 | Create | Villager (Male) |
| 7:27 | Create | Villager (Male) |
| 7:48 | Create | Villager (Male) |
| 7:48 | Create | Villager (Male) |
| 8:08 | Build | Mill |
| 8:45 | Build | House |
| 8:48 | Create | Villager (Male) |
| 8:49 | Create | Villager (Male) |
| 9:50 | Build | House |
| 10:30 | Build | Farm |
| 10:33 | Build | Farm |
| 10:43 | Create | Villager (Male) |
| 11:06 | Build | Mill |
| 11:23 | Research | Feudal Age |
| 11:23 | Research | Feudal Age |
| 12:03 | Build | House |
Build order — skik
54 actions detected in the replay
| 0:03 | Build | Town Center |
| 1:02 | Create | Villager (Male) |
| 1:03 | Create | Villager (Male) |
| 1:03 | Create | Villager (Male) |
| 1:03 | Create | Villager (Male) |
| 1:03 | Create | Villager (Male) |
| 1:48 | Create | Villager (Male) |
| 1:49 | Create | Villager (Male) |
| 2:46 | Build | Lumber Camp |
| 2:49 | Create | Villager (Male) |
| 3:25 | Create | Villager (Male) |
| 3:25 | Create | Villager (Male) |
| 4:24 | Create | Villager (Male) |
| 4:24 | Create | Villager (Male) |
| 4:58 | Create | Villager (Male) |
| 5:17 | Build | Mining Camp |
| 5:49 | Create | Villager (Male) |
| 6:05 | Create | Villager (Male) |
| 6:06 | Create | Villager (Male) |
| 6:08 | Research | Loom |
| 6:23 | Build | Barracks |
| 6:40 | Research | Feudal Age |
| 7:13 | Build | House |
| 7:16 | Build | Palisade Wall |
| 7:52 | Create | Villager (Male) |
| 7:52 | Create | Villager (Male) |
| 9:22 | Build | House |
| 9:28 | Build | Palisade Wall |
| 9:28 | Build | Palisade Wall |
| 9:28 | Build | Palisade Wall |
| 9:33 | Build | House |
| 9:34 | Build | Palisade Wall |
| 9:36 | Create | Villager (Male) |
| 9:39 | Age | Feudal Age |
| 9:39 | Create | Spearman |
| 9:40 | Create | Spearman |
| 9:40 | Create | Spearman |
| 9:44 | Build | Archery Range |
| 9:46 | Build | Archery Range |
| 10:36 | Create | Villager (Male) |
| 10:39 | Build | House |
| 10:45 | Create | Archer |
| 10:45 | Create | Archer |
| 10:45 | Create | Archer |
| 10:58 | Build | Blacksmith |
| 11:00 | Build | House |
| 11:03 | Create | Villager (Male) |
| 11:14 | Build | Palisade Gate |
| 11:18 | Build | Palisade Wall |
| 11:23 | Create | Villager (Male) |
| 11:25 | Create | Archer |
| 11:39 | Create | Archer |
| 11:39 | Create | Archer |
| 11:52 | Research | Fletching |
Match timeline
| 2:19 | Xyrr · wall_segment Palisade Wall x2 |
| 2:25 | Xyrr · wall_segment Palisade Wall x1 |
| 4:56 | Claude Opus 4.6 · wall_segment Palisade Wall x1 |
| 5:13 | Xyrr · wall_segment Palisade Wall x1 |
| 5:15 | Xyrr · wall_segment Palisade Wall x1 |
| 5:16 | Xyrr · wall_segment Palisade Wall x1 |
| 5:17 | Xyrr · wall_segment Palisade Wall x1 |
| 6:23 | skik · first_building Barracks |
| 6:48 | Claude Opus 4.6 · wall_segment Palisade Wall x1 |
| 7:03 | Claude Opus 4.6 · first_building Barracks |
| 7:16 | skik · wall_segment Palisade Wall x7 |
| 7:25 | Xyrr · wall_segment Palisade Wall x5 |
| 7:30 | Xyrr · wall_segment Palisade Wall x1 |
| 7:31 | Xyrr · wall_segment Palisade Wall x1 |
| 7:31 | Xyrr · wall_segment Palisade Wall x1 |
| 7:36 | Xyrr · wall_segment Palisade Wall x1 |
| 8:04 | Xyrr · first_building Barracks |
| 8:20 | Claude Opus 4.6 · wall_segment Palisade Wall x1 |
| 8:21 | Claude Opus 4.6 · wall_segment Palisade Wall x1 |
| 8:25 | Claude Opus 4.6 · age_up feudal |
| 8:27 | Claude Opus 4.6 · first_building Stable |
| 8:46 | Claude Opus 4.6 · wall_segment Palisade Wall x5 |
| 9:07 | Xyrr · age_up feudal |
| 9:09 | Claude Opus 4.6 · wall_segment Palisade Wall x10 |
| 9:12 | Xyrr · first_building Stable |
| 9:12 | Claude Opus 4.6 · wall_segment Palisade Wall x8 |
| 9:13 | Claude Opus 4.6 · wall_segment Palisade Wall x1 |
| 9:14 | Claude Opus 4.6 · wall_segment Palisade Wall x1 |
| 9:15 | Xyrr · wall_segment Palisade Wall x1 |
| 9:16 | Claude Opus 4.6 · wall_segment Palisade Wall x1 |
| 9:16 | Xyrr · wall_segment Palisade Wall x1 |
| 9:22 | Xyrr · wall_segment Palisade Wall x1 |
| 9:26 | Xyrr · wall_segment Palisade Wall x3 |
| 9:28 | skik · wall_segment Palisade Wall x1 |
| 9:28 | skik · wall_segment Palisade Wall x1 |
| 9:28 | skik · wall_segment Palisade Wall x1 |
| 9:34 | skik · wall_segment Palisade Wall x6 |
| 9:39 | skik · age_up feudal |
| 9:44 | skik · first_building Archery Range |
| 10:06 | Xyrr · wall_segment Palisade Wall x1 |
| 10:08 | Xyrr · wall_segment Palisade Wall x1 |
| 10:09 | Xyrr · wall_segment Palisade Wall x1 |
| 10:28 | Xyrr · wall_segment Palisade Wall x1 |
| 11:18 | skik · wall_segment Palisade Wall x3 |
| 11:59 | Claude Opus 4.6 · resign |
[ AI ANALYSIS · 1 CREDIT ]
What really happened in this match?
Wolo.gg analyzes every decision: build order, eco, micro, common mistakes by bracket. Personalized analysis on WhatsApp or Discord in 30 seconds.
Civ guide
Persians
Perfil
Jugador #1152287